 Dungeon Crawl Stone Soup version 0.17-a0-848-g7e5c6af (webtiles) character file.

27 Hanyuu the Insei (level 3, -1/23 HPs)
             Began as an Octopode Transmuter on Apr 27, 2015.
             Killed from afar by Terence (12 damage)
             ... with a wand of frost
             ... on level 2 of the Dungeon.
             The game lasted 00:02:03 (1107 turns).

Hanyuu the Insei (Octopode Transmuter)              Turns: 1107, Time: 00:02:04

Health: -1/23      AC:  1    Str:  9    XL:     3   Next: 10%
Magic:  6/6        EV: 12    Int: 15    God:
Gold:   46         SH:  0    Dex: 13    Spells: 3 memorised, 0 levels left

rFire  . . .     SeeInvis .       - Unarmed
rCold  . . .     Clarity  .     (no shield)
rNeg   . . .     SustAb   .     (helmet restricted)
rPois  .         Gourm    .     (no amulet)
rElec  .         Spirit   .     (no ring)
rCorr  .         Warding  .     (no ring)
rMut   .         Stasis   .     (no ring)
MR     .....                    (no ring)
Stlth  ++........               (no ring)
                                (no ring)
                                (no ring)
                                (no ring)

@: not resistant to hostile enchantments, unstealthy
A: almost no armour, amphibious, 8 rings, constrict 8, camouflage 1, gelatinous
body 1
a: no special abilities


You were on level 2 of the Dungeon.
You were not hungry.

You visited 1 branch of the dungeon, and saw 2 of its levels.

You collected 46 gold pieces.

Inventory:

Hand weapons
 b - a +0 hunting sling
Missiles
 a - 12 arrows
 i - 14 poisoned needles
Scrolls
 h - a scroll of random uselessness {unknown}
 j - a scroll of blinking {unknown}
 k - a scroll of identify {unknown}
Potions
 e - a potion of might {unknown}
 f - a potion of lignification {unknown}
 g - a potion of ambrosia {unknown}
 l - a potion of curing {unknown}
Books
 d - a book of Changes

   Spells                             Type                      Level
   a - Beastly Appendage              Transmutation                1
   b - Sticks to Snakes               Transmutation                2
   c - Spider Form                    Transmutation/Poison         3
   d - Ice Form                       Ice/Transmutation            4
   e - Blade Hands                    Transmutation                5
Comestibles
 c - 3 bread rations
 m - a chunk of flesh


   Skills:
 - Level 1.0 Fighting
 - Level 2.0 Dodging
 + Level 4.1 Unarmed Combat
 - Level 2.0 Spellcasting
 - Level 2.0 Transmutations


You couldn't memorise any spells.
You knew the following spells:

 Your Spells              Type           Power        Failure   Level  Hunger
a - Beastly Appendage     Trmt           #.....       12%         1    #......
b - Sticks to Snakes      Trmt           #.........   14%         2    ###....
c - Spider Form           Trmt/Pois      #.........   43%         3    ###....


Dungeon Overview and Level Annotations

Branches:
Dungeon (2/15)

Altars:

Annotations:
D:2 Terence


Innate Abilities, Weirdness & Mutations

You cannot wear most types of armour.
You are amphibious.
You can wear up to eight rings at the same time.
You can use your tentacles to constrict eight enemies at once.
Your skin changes colour to match your surroundings (Stealth).
Your rubbery body absorbs attacks (AC +1).


Message History

No target in view!
No target in view!
No target in view!
You now have 46 gold pieces (gained 10).
A goblin comes into view.
You see here a short sword.
Terence the Incautious comes into view.
He is wielding a hand axe.
The goblin shouts!
The goblin hits you but does no damage.
You barely miss the goblin. Your grab misses the goblin.
You squeeze the goblin.
You kill the goblin!
Terence zaps a wand.
The puff of frost misses you.
It is a wand of frost.
Terence hits you with a hand axe.
You tentacle-slap Terence. You grab Terence.
Terence is lightly wounded.
You constrict Terence, but do no damage.
Terence zaps a wand.
The puff of frost hits you!
Ouch! That really hurt!
You die...

#...(.# #.....#
#.....#
####.....#
.........##
########..# ##)#
########.##.#.###
.......†@........
#######@#########
#. #. #. #. .. ##


You could see Terence.

Vanquished Creatures
  2 ball pythons (D:1)
  2 giant cockroaches (D:1)
  7 goblins
  5 hobgoblins (D:1)
  3 kobolds
  4 rats (D:1)
23 creatures vanquished.

Notes
Turn   | Place    | Note
--------------------------------------------------------------
     0 | D:1      | Hanyuu, the Octopode Transmuter, began the quest for the Orb.
     0 | D:1      | Reached XP level 1. HP: 13/13 MP: 3/3
   372 | D:1      | Reached XP level 2. HP: 18/18 MP: 5/5
   693 | D:1      | Reached skill level 4 in Unarmed Combat
   995 | D:1      | Reached XP level 3. HP: 23/23 MP: 6/6
   999 | D:1      | Learned a level 2 spell: Sticks to Snakes
  1003 | D:1      | Learned a level 3 spell: Spider Form
  1104 | D:2      | Noticed Terence
  1107 | D:2      | Killed from afar by Terence

Action                   || total
-------------------------++-------
Melee: Unarmed           ||    53
  Eat: Chunk             ||     1
